 Dungeon Crawl Stone Soup version 0.30.0-29-ga12c61a403 (webtiles) character file.

Game seed: 4759904622193904576

18 monsoonserge the Magician (level 2, 0/15 HPs)
             Began as a Deep Elf Hedge Wizard on June 5, 2023.
             Slain by a ball python (3 damage)
             ... on level 1 of the Dungeon.
             The game lasted 00:03:02 (630 turns).

monsoonserge the Magician (Deep Elf Hedge Wizard)    Turns: 630, Time: 00:03:03

Health: 0/15       AC:  2    Str:  7    XL:     2   Next: 48%
Magic:  0/10       EV: 12    Int: 18    God:
Gold:   8          SH:  0    Dex: 14    Spells: 6/11 levels left

rFire   . . .        a - +0 dagger
rCold   . . .        (no shield)
rNeg    . . .        b - +0 robe
rPois   .            c - +0 hat
rElec   .            (no cloak)
rCorr   .            (no gloves)
SInv    .            (no boots)
Will    .....        (no amulet)
Stlth   ++           (no ring)
HPRegen 0.22/turn    (no ring)
MPRegen 0.12/turn

%: no passive effects
@: very slightly contaminated
A: no striking features
a: no special abilities


You were on level 1 of the Dungeon.
You visited 1 branch of the dungeon, and saw 1 of its levels.

You collected 8 gold pieces.

Inventory:

Hand Weapons
 a - a +0 dagger (weapon)
Missiles
 e - 4 poisoned darts (quivered)
Armour
 b - a +0 robe (worn)
 c - a +0 hat (worn)
Scrolls
 f - a scroll of fog {unknown}
 h - 3 scrolls of identify {unknown}
 i - a scroll of noise {unknown}
Potions
 d - a potion of magic
 g - a potion of curing


   Skills:
 + Level 2.7 Dodging
 + Level 2.6 Stealth
 - Level 5.0 Spellcasting
 + Level 1.1 Conjurations
 * Level 1.1 Summonings
 * Level 1.5 Translocations


You had 6 spell levels left.
You knew the following spells:

 Your Spells              Type           Power      Damage    Failure   Level
a - Magic Dart            Conj           32%        1d4       9%          1
b - Blink                 Tloc           20%        N/A       11%         2
c - Call Imp              Summ           16%        N/A       13%         2

Your spell library contained the following spells:

 Spells                   Type           Power      Damage    Failure   Level
 Slow                     Hex            16%        N/A       13%         1
 Cigotuvi's Dreadful Rot  Necr/Pois/Air  8%         N/A       21%         2
 Mephitic Cloud           Conj/Pois/Air  5%         N/A       34%         3


Dungeon Overview and Level Annotations

Branches:
Dungeon (1/15)

Altars:


Message History

Aiming: Magic Dart (safe; 9% risk of failure)
Press: ? - help, Shift-Dir - straight line, f/p - gnoll
Aim: a gnoll, wielding a +0 club and quivering stones (moderately wounded, ally target, 100% to hit)
The magic dart hits the gnoll.
The gnoll is moderately wounded.
The ball python hisses angrily.
The giant cockroach bites you. The giant cockroach misses you.
The gnoll hits you with a +0 club.
* * * LOW HITPOINT WARNING * * *
Your cerulean imp barely misses the gnoll.
It was a potion of curing.
You feel better.
The giant cockroach bites you but does no damage.
The gnoll hits you with a +0 club.
Your cerulean imp hits the gnoll with a -4 spear.
You hit the gnoll.
The gnoll is severely wounded.
The giant cockroach bites you but does no damage.
Your cerulean imp closely misses the gnoll.
The gnoll hits you with a +0 club.
* * * LOW HITPOINT WARNING * * *
Unknown command.
Casting: Magic Dart (safe; 9% risk of failure)
Confirm with . or Enter, or press ? or * to list all spells.
Aiming: Magic Dart (safe; 9% risk of failure)
Press: ? - help, Shift-Dir - straight line, f/p - gnoll
Aim: a gnoll, wielding a +0 club and quivering stones (severely wounded, ally target, 100% to hit)
The magic dart hits the gnoll.
The gnoll is almost dead.
The giant cockroach bites you.
* * * LOW HITPOINT WARNING * * *
The gnoll closely misses you.
Your cerulean imp barely misses the gnoll.
You hit the gnoll but do no damage.
The gnoll is almost dead.
The giant cockroach closely misses you. The gnoll closely misses you.
Your cerulean imp hits the gnoll but does no damage.
You closely miss the gnoll.
The gnoll is almost dead.
The giant cockroach barely misses you. The ball python bites you.
You die...

....... ###
.........# #
......:..# #
.........# ...†.....
......... ........#
......SB##
#@†###############
###g..).............
#...5###############
.....##.## # ..###
#..# ###### . ##.##
#####)....
#..####......###
##......#....###
########.......


You could see a gnoll (ally target), a giant cockroach, a ball python and a
friendly cerulean imp (summoned).

Vanquished Creatures
  A ball python (D:1)
  2 bats (D:1)
  2 endoplasms (D:1)
  2 hobgoblins (D:1)
  2 kobolds (D:1)
  A quokka (D:1)
  A frilled lizard (D:1)
  2 goblins (D:1)
  4 rats (D:1)
17 creatures vanquished.

Notes
Turn   | Place    | Note
-------+----------+-------------------------------------------
     0 | D:1      | monsoonserge the Deep Elf Hedge Wizard began the quest for
                  | the Orb.
     0 | D:1      | Reached XP level 1. HP: 10/10 MP: 7/7
   250 | D:1      | Reached skill level 5 in Spellcasting
   260 | D:1      | Reached XP level 2. HP: 15/15 MP: 1/10
   383 | D:1      | Learned a level 2 spell: Blink
   386 | D:1      | Learned a level 2 spell: Call Imp
   630 | D:1      | Slain by a ball python

Illustrated notes

Levels and vault maps discovered:
D:1:      scummos_arrival_simple_fountains, layout_rooms

Skill      XL: |  1 |
---------------+----+-----
Spellcasting   | 5 |  5.0
Dodging        | |  2.7
Stealth        | |  2.6
Conjurations   | |  1.1
Summonings     | |  1.1
Translocations | |  1.5

Action                     || total
---------------------------++-------
  Melee: Dagger            ||     4
   Cast: Magic Dart        ||    41
         Call Imp          ||     1
    Use: Potion            ||     1
 Armour: Robe              ||     2
  Dodge: Dodged            ||    11
